FSL
DUNEDIN BLUE JAYS @ LAKELAND FLYING TIGERS
08/12/2099
 
TOP OF THE 1ST
Dunedin Blue Jays batting - Pitching for Lakeland Flying Tigers : RHP Raul Castillo
Pitching: RHP Raul Castillo
Batting: LHB Brandon Garvin 0-0: Ball
1-0: Called Strike
1-1: SINGLE (Flyball, 6MD, EV 94.4 MPH)
Batting: RHB Steve Jones 0-0: Ball
1-0: Ball
2-0: Called Strike
2-1: Ball
3-1: Called Strike
3-2: SINGLE (Line Drive, 6D, EV 68.1 MPH)
Brandon Garvin to second
Batting: LHB Conor Long 0-0: Ball
1-0: SINGLE (Flyball, 8RS, EV 91.3 MPH)
Brandon Garvin to third
Steve Jones to second
Batting: RHB Devon Phillips 0-0: Ball
1-0: Foul Ball, location: 23F
1-1: Foul Ball, location: 7LMF
1-2: Foul Ball, location: 2F
1-2: Ball
2-2: Foul Ball, location: 3F
2-2: Fly out, F8 (Flyball, 89D, EV 95.0 MPH)
Runner from 3rd tags up, SCORES, throw by CF
Steve Jones to third
Batting: LHB Ryan Tribbett 0-0: Swinging Strike
0-1: Called Strike
0-2: Strikes out swinging
Batting: RHB Bill Curtis 0-0: Ball
1-0: Fly out, F9 (Flyball, 89D, EV 104.4 MPH)
Top of the 1st over - 1 run, 3 hits, 0 errors, 2 left on base; Dunedin 1 - Lakeland 0
BOTTOM OF THE 1ST
Lakeland Flying Tigers batting - Pitching for Dunedin Blue Jays : RHP R.J. Louvier
Pitching: RHP R.J. Louvier
Batting: LHB Ron Devers 0-0: Ball
1-0: Ball
2-0: Ball
3-0: Base on Balls
Batting: RHB Adam Anderson 0-0: Ball
1-0: Foul Ball, location: 2F
1-1: Hit by Pitch
Ron Devers to second
Batting: LHB Steve Diamond 0-0: Ball
1-0: Ball
2-0: Ball
3-0: Swinging Strike
3-1: Swinging Strike
3-2: Strikes out swinging
Batting: RHB Alex Sanchez 0-0: Ball
1-0: Ball
2-0: Called Strike
2-1: Fly out, F7 (Flyball, 7LSF, EV 98.8 MPH)
Batting: RHB Jason Ley 0-0: Fly out, F8 (Flyball, 8LD, EV 100.0 MPH)
Bottom of the 1st over - 0 runs, 0 hits, 0 errors, 2 left on base; Dunedin 1 - Lakeland 0
TOP OF THE 2ND
Dunedin Blue Jays batting - Pitching for Lakeland Flying Tigers : RHP Raul Castillo
Batting: LHB Rob Roe 0-0: Ball
1-0: Ball
2-0: Called Strike
2-1: Foul Ball, location: 7LMF
2-2: Foul Ball, location: 2F
2-2: Strikes out swinging
Batting: RHB Dave Ellenbecker 0-0: Called Strike
0-1: Ball
1-1: Ball
2-1: Fly out, F9 (Flyball, 89M, EV 91.9 MPH)
Batting: RHB Kenny Franks 0-0: Called Strike
0-1: Fly out, F9 (Flyball, 89M, EV 76.3 MPH)
Top of the 2nd over - 0 runs, 0 hits, 0 errors, 0 left on base; Dunedin 1 - Lakeland 0
BOTTOM OF THE 2ND
Lakeland Flying Tigers batting - Pitching for Dunedin Blue Jays : RHP R.J. Louvier
Batting: LHB Ted Oetken 0-0: Ball
1-0: Foul Ball, location: 5FF
1-1: Ground out 4-3 (Groundball, 4, EV 79.4 MPH)
Batting: RHB Fulvio Sartoretti 0-0: Ball
1-0: Ground out 6-3 (Groundball, 6, EV 103.1 MPH)
Batting: RHB Pedro Gonzalez 0-0: Called Strike
0-1: Ball
1-1: Ball
2-1: Ball
3-1: Called Strike
3-2: SINGLE (Line Drive, 4D, EV 107.5 MPH)
Batting: RHB Greg Cullison 0-0: Ball
1-0: Swinging Strike
1-1: Ball
2-1: Foul Ball, location: 2F
2-2: Strikes out swinging
Bottom of the 2nd over - 0 runs, 1 hit, 0 errors, 1 left on base; Dunedin 1 - Lakeland 0
TOP OF THE 3RD
Dunedin Blue Jays batting - Pitching for Lakeland Flying Tigers : RHP Raul Castillo
Batting: LHB Brandon Garvin 0-0: Ball
1-0: Swinging Strike
1-1: Foul Ball, location: 7LMF
1-2: DOUBLE (Flyball, 8RXD, EV 100.6 MPH)
Batting: RHB Steve Jones 0-0: Called Strike
0-1: Ball
1-1: Foul Ball, location: 5F
1-2: Ball
2-2: SINGLE (Groundball, 6MD, EV 95.6 MPH)
Brandon Garvin to third
Batting: LHB Conor Long 0-0: Ball
1-0: Called Strike
1-1: SINGLE (Line Drive, 9S, EV 110.6 MPH)
Brandon Garvin scores
Steve Jones to second
Batting: RHB Devon Phillips 0-0: Called Strike
0-1: DOUBLE (Flyball, 89D, EV 108.8 MPH)
Steve Jones scores
Conor Long to third
Batting: LHB Ryan Tribbett 0-0: Foul Ball, location: 3FF
0-1: Ball
1-1: Ground out 4-3 (Groundball, 4MD, EV 104.4 MPH)
Batting: RHB Bill Curtis 0-0: Ball
1-0: Foul Ball, location: 7LSF
1-1: Foul Ball, location: 5FF
1-2: Ball
2-2: Foul Ball, location: 5FF
2-2: Ball
3-2: SINGLE (Groundball, 34D, EV 102.5 MPH)
Conor Long scores
Devon Phillips to third
Runner from 3rd tries for Home, SAFE, throw by RF to home
Pitching: RHP Mike Reeves
Batting: LHB Rob Roe 0-0: Fielders Choice at 2nd, 4-6 (Groundball, 4, EV 85.0 MPH)
Batting: RHB Dave Ellenbecker 0-0: Fly out, F4 (Popup, 4M, EV 53.1 MPH)
Top of the 3rd over - 4 runs, 5 hits, 0 errors, 1 left on base; Dunedin 5 - Lakeland 0
BOTTOM OF THE 3RD
Lakeland Flying Tigers batting - Pitching for Dunedin Blue Jays : RHP R.J. Louvier
Batting: LHB Ron Devers 0-0: Called Strike
0-1: Ball
1-1: Called Strike
1-2: Strikes out swinging
Batting: RHB Adam Anderson 0-0: Foul Ball, location: 5FF
0-1: Fly out, F9 (Line Drive, 9, EV 106.3 MPH)
Batting: LHB Steve Diamond 0-0: Ball
1-0: Foul Ball, location: 2F
1-1: Fly out, F9 (Line Drive, 9, EV 91.3 MPH)
Bottom of the 3rd over - 0 runs, 0 hits, 0 errors, 0 left on base; Dunedin 5 - Lakeland 0
TOP OF THE 4TH
Dunedin Blue Jays batting - Pitching for Lakeland Flying Tigers : RHP Mike Reeves
Batting: RHB Kenny Franks 0-0: Called Strike
0-1: Foul Ball, location: 3SF
0-2: Ball
1-2: Ball
2-2: Ball
3-2: Strikes out swinging
Batting: LHB Brandon Garvin 0-0: Ball
1-0: DOUBLE (Flyball, 8RXD, EV 110.6 MPH)
Batting: RHB Steve Jones 0-0: Ball
1-0: Ground out 5-3 (Groundball, 56S, EV 80.0 MPH)
Batting: LHB Conor Long 0-0: Called Strike
0-1: DOUBLE (Flyball, 8RXD, EV 96.3 MPH)
Brandon Garvin scores
Batting: RHB Devon Phillips 0-0: Ball
1-0: Ball
2-0: Called Strike
2-1: Swinging Strike
2-2: Fly out, F8 (Flyball, 8RS, EV 85.6 MPH)
Top of the 4th over - 1 run, 2 hits, 0 errors, 1 left on base; Dunedin 6 - Lakeland 0
BOTTOM OF THE 4TH
Lakeland Flying Tigers batting - Pitching for Dunedin Blue Jays : RHP R.J. Louvier
Batting: RHB Alex Sanchez 0-0: Foul Ball, location: 9LMF
0-1: Ball
1-1: Swinging Strike
1-2: Ball
2-2: Strikes out looking
Batting: RHB Jason Ley 0-0: Ball
1-0: Ball
2-0: DOUBLE (Line Drive, 3D, EV 96.9 MPH)
Batting: LHB Ted Oetken 0-0: Ball
1-0: Called Strike
1-1: Ball
2-1: Ball
3-1: Called Strike
3-2: Ground out 6-3 (Groundball, 6, EV 86.9 MPH)
Batting: RHB Fulvio Sartoretti 0-0: Called Strike
0-1: Swinging Strike
0-2: Strikes out swinging
Bottom of the 4th over - 0 runs, 1 hit, 0 errors, 1 left on base; Dunedin 6 - Lakeland 0
TOP OF THE 5TH
Dunedin Blue Jays batting - Pitching for Lakeland Flying Tigers : RHP Mike Reeves
Batting: LHB Ryan Tribbett 0-0: Ball
1-0: SINGLE (Line Drive, 9S, EV 104.4 MPH)
Batting: RHB Bill Curtis 0-0: SINGLE (Line Drive, 7S, EV 108.1 MPH)
Ryan Tribbett to second
Batting: LHB Rob Roe 0-0: Called Strike
0-1: Ball
1-1: Foul Ball, location: 25F
1-2: Ball
2-2: Strikes out swinging
Batting: RHB Dave Ellenbecker 0-0: Swinging Strike
0-1: Ball
1-1: SINGLE (Groundball, 56, EV 99.4 MPH)
Ryan Tribbett to third
Bill Curtis to second
Runner from 3rd tries for Home, SAFE, throw by LF to home
Batting: RHB Kenny Franks 0-0: Ball
1-0: Fly out, F7 (Flyball, 78D, EV 91.3 MPH)
Batting: LHB Brandon Garvin 0-0: Called Strike
0-1: Ball
1-1: Ball
2-1: Ball
3-1: Base on Balls
Bill Curtis to third
Dave Ellenbecker to second
Batting: RHB Steve Jones 0-0: Foul Ball, location: 5F
0-1: Ball
1-1: Ground out 1-3 (Groundball, P, EV 71.3 MPH)
Top of the 5th over - 1 run, 3 hits, 0 errors, 3 left on base; Dunedin 7 - Lakeland 0
BOTTOM OF THE 5TH
Lakeland Flying Tigers batting - Pitching for Dunedin Blue Jays : RHP R.J. Louvier
Batting: RHB Pedro Gonzalez 0-0: Ball
1-0: Called Strike
1-1: Foul Ball, location: 2F
1-2: Strikes out swinging
Batting: RHB Greg Cullison 0-0: Foul Ball, location: 2F
0-1: Ground out 6-3 (Groundball, 6S, EV 82.5 MPH)
Batting: LHB Ron Devers 0-0: Ball
1-0: Ball
2-0: Ground out 4-3 (Groundball, 4, EV 85.0 MPH)
Bottom of the 5th over - 0 runs, 0 hits, 0 errors, 0 left on base; Dunedin 7 - Lakeland 0
TOP OF THE 6TH
Dunedin Blue Jays batting - Pitching for Lakeland Flying Tigers : RHP Mike Reeves
Batting: LHB Conor Long 0-0: Called Strike
0-1: SOLO HOME RUN (Flyball, 9LD, EV 95.0 MPH), Distance : 332 ft
Batting: RHB Devon Phillips 0-0: Foul Ball, location: 5F
0-1: Foul Ball, location: 23F
0-2: Ball
1-2: Strikes out swinging
Batting: LHB Ryan Tribbett 0-0: Ball
1-0: Called Strike
1-1: Swinging Strike
1-2: Ball
2-2: Foul Ball, location: 2F
2-2: Ball
3-2: Strikes out swinging
Batting: RHB Bill Curtis 0-0: Called Strike
0-1: Called Strike
0-2: Ball
1-2: Ball
2-2: Ball
3-2: Fly out, F2 (Popup, 5SF, EV 88.8 MPH)
Top of the 6th over - 1 run, 1 hit, 0 errors, 0 left on base; Dunedin 8 - Lakeland 0
BOTTOM OF THE 6TH
Lakeland Flying Tigers batting - Pitching for Dunedin Blue Jays : RHP R.J. Louvier
Batting: RHB Adam Anderson 0-0: Ball
1-0: Foul Ball, location: 3DF
1-1: Called Strike
1-2: Ball
2-2: Ball
3-2: Base on Balls
Batting: LHB Steve Diamond 0-0: Called Strike
0-1: Foul Ball, location: 2F
0-2: Ball
1-2: Foul Ball, location: 7LMF
1-2: Ball
2-2: Foul Ball, location: 5SF
2-2: SINGLE (Flyball, 9LS, EV 93.1 MPH)
Adam Anderson to second
Batting: RHB Alex Sanchez 0-0: Foul Ball, location: 3SF
0-1: Swinging Strike
0-2: Grounds into double play, 6-4-3 (Groundball, 6, EV 108.8 MPH)
Adam Anderson to third
Batting: RHB Jason Ley 0-0: Ball
1-0: Ground out U3 (Groundball, 34, EV 108.1 MPH)
Bottom of the 6th over - 0 runs, 1 hit, 0 errors, 1 left on base; Dunedin 8 - Lakeland 0
TOP OF THE 7TH
Dunedin Blue Jays batting - Pitching for Lakeland Flying Tigers : RHP Mike Reeves
Pitching: LHP Jonathan Patino
Batting: RHB Chris Haberman 0-0: Ball
1-0: Foul Ball, location: 3FF
1-1: Ball
2-1: Hit by Pitch
Batting: RHB Dave Ellenbecker 0-0: Called Strike
0-1: Swinging Strike
0-2: Ball
1-2: Foul Ball, location: 2F
1-2: Foul Ball, location: 2F
1-2: Ball
2-2: Strikes out looking
Batting: RHB Kenny Franks 0-0: Ball
1-0: Ball
2-0: Ball
3-0: Base on Balls
Chris Haberman to second
Batting: LHB Brandon Garvin 0-0: Ball
1-0: Ball
2-0: Ball
3-0: Called Strike
3-1: Foul Ball, location: 9LMF
3-2: Base on Balls
Chris Haberman to third
Kenny Franks to second
Pitching: RHP Zack Gruttadauria
Batting: RHB Steve Jones 0-0: Called Strike
0-1: Ball
1-1: Foul Ball, location: 25F
1-2: Foul Ball, location: 5DF
1-2: Foul Ball, location: 7LMF
1-2: Foul Ball, location: 9LMF
1-2: TRIPLE (Line Drive, 89XD, EV 108.8 MPH)
Chris Haberman scores
Kenny Franks scores
Brandon Garvin scores
Batting: LHB Conor Long 0-0: Called Strike
0-1: Ground out 5-3 (Groundball, 56, EV 82.5 MPH)
Steve Jones scores
Pinch Hitting: RHB Ricky Davila 0-0: Ball
1-0: Called Strike
1-1: Swinging Strike
1-2: Ball
2-2: Foul Ball, location: 5F
2-2: Foul Ball, location: 23F
2-2: Ground out 4-3 (Groundball, 4, EV 110.6 MPH)
Top of the 7th over - 4 runs, 1 hit, 0 errors, 0 left on base; Dunedin 12 - Lakeland 0
BOTTOM OF THE 7TH
Lakeland Flying Tigers batting - Pitching for Dunedin Blue Jays : RHP R.J. Louvier
Now at 2B: Ricky Davila
Pinch Hitting: SHB Christian Salazar 0-0: Swinging Strike
0-1: Ball
1-1: Ball
2-1: Foul Ball, location: 23F
2-2: Foul Ball, location: 7LSF
2-2: Strikes out swinging
Batting: RHB Fulvio Sartoretti 0-0: Fly out, F8 (Flyball, 8LM, EV 90.6 MPH)
Batting: RHB Pedro Gonzalez 0-0: Ball
1-0: Called Strike
1-1: Foul Ball, location: 2F
1-2: Ball
2-2: Strikes out swinging
Bottom of the 7th over - 0 runs, 0 hits, 0 errors, 0 left on base; Dunedin 12 - Lakeland 0
TOP OF THE 8TH
Dunedin Blue Jays batting - Pitching for Lakeland Flying Tigers : RHP Zack Gruttadauria
Now in RF: Christian Salazar
Batting: LHB Ryan Tribbett 0-0: Foul Ball, location: 2F
0-1: Ball
1-1: Swinging Strike
1-2: Ball
2-2: Hit by Pitch
Pitching: RHP Brandon Hansen
Batting: RHB Bill Curtis 0-0: Grounds into double play, 5-4-3 (Groundball, 15, EV 86.9 MPH)
Batting: RHB Chris Haberman 0-0: Ball
1-0: Ball
2-0: Called Strike
2-1: Reached on error, E6 (Groundball, 6, EV 88.1 MPH)
Batting: RHB Dave Ellenbecker 0-0: Ball
1-0: Swinging Strike
1-1: Ball
2-1: Swinging Strike
2-2: Fly out, F9 (Flyball, 9LSF, EV 78.8 MPH)
Top of the 8th over - 0 runs, 0 hits, 1 error, 1 left on base; Dunedin 12 - Lakeland 0
BOTTOM OF THE 8TH
Lakeland Flying Tigers batting - Pitching for Dunedin Blue Jays : RHP R.J. Louvier
Batting: RHB Greg Cullison 0-0: Ball
1-0: Ball
2-0: Ball
3-0: Called Strike
3-1: Foul Ball, location: 9LMF
3-2: Strikes out swinging
Batting: LHB Ron Devers 0-0: Called Strike
0-1: Swinging Strike
0-2: Hit by Pitch
Pinch Hitting: RHB Nick Hartel 0-0: Called Strike
0-1: Ball
1-1: Swinging Strike
1-2: Fly out, F4 (Popup, 13S, EV 88.8 MPH)
Batting: LHB Steve Diamond 0-0: Called Strike
0-1: Ground out 5-3 (Groundball, 56S, EV 67.5 MPH)
Bottom of the 8th over - 0 runs, 0 hits, 0 errors, 1 left on base; Dunedin 12 - Lakeland 0
TOP OF THE 9TH
Dunedin Blue Jays batting - Pitching for Lakeland Flying Tigers : RHP Brandon Hansen
Now at 3B: Nick Hartel
Pinch Hitting: SHB Luis Solano 0-0: Called Strike
0-1: Foul Ball, location: 3F
0-2: Foul Ball, location: 7LMF
0-2: Strikes out looking
Batting: LHB Brandon Garvin 0-0: Foul Ball, location: 5FF
0-1: Ball
1-1: Swinging Strike
1-2: Ground out 6-3 (Groundball, 6, EV 108.8 MPH)
Batting: RHB Steve Jones 0-0: Ball
1-0: Called Strike
1-1: Foul Ball, location: 2LF
1-2: TRIPLE (Flyball, 89XD, EV 90.6 MPH)
Batting: LHB Conor Long 0-0: Foul Ball, location: 9LDF
0-1: Ball
1-1: Ball
2-1: Foul Ball, location: 7LDF
2-2: Ball
3-2: Foul Ball, location: 7LSF
3-2: Base on Balls
Batting: RHB Ricky Davila 0-0: Called Strike
0-1: Foul Ball, location: 5F
0-2: Ball
1-2: Ground out 4-3 (Groundball, 4, EV 83.8 MPH)
Top of the 9th over - 0 runs, 1 hit, 0 errors, 2 left on base; Dunedin 12 - Lakeland 0
BOTTOM OF THE 9TH
Lakeland Flying Tigers batting - Pitching for Dunedin Blue Jays : RHP R.J. Louvier
Now at C: Jeff Dolcini
Batting: RHB Alex Sanchez 0-0: Called Strike
0-1: Called Strike
0-2: Foul Ball, location: 5FF
0-2: Ball
1-2: Strikes out swinging
Batting: RHB Jason Ley 0-0: Ball
1-0: Called Strike
1-1: Ball
2-1: Ball
3-1: Foul Ball, location: 2F
3-2: Base on Balls
Pitching: RHP Brad Phillips
Batting: SHB Christian Salazar 0-0: Called Strike
0-1: SINGLE (Line Drive, 78S, EV 92.5 MPH)
Jason Ley to second
Batting: RHB Fulvio Sartoretti 0-0: Ball
1-0: Foul Ball, location: 7LSF
1-1: Swinging Strike
1-2: Foul Ball, location: 2F
1-2: SINGLE (Groundball, 6MD, EV 103.1 MPH)
Jason Ley to third
Christian Salazar to second
Pinch Hitting: LHB Andrew Cassella 0-0: Ball
1-0: Fielders Choice at 2nd, 4-6 (Groundball, 4S, EV 86.9 MPH)
Jason Ley scores
Christian Salazar to third
Pinch Hitting: SHB Victor Costales 0-0: Foul Ball, location: 7LSF
0-1: SINGLE (Line Drive, 78S, EV 100.0 MPH)
Christian Salazar scores
Andrew Cassella to second
Pinch Hitting: LHB Alex Pacheco 0-0: Ball
1-0: Foul Ball, location: 7LDF
1-1: Called Strike
1-2: Ball
2-2: Ground out U3 (Groundball, 3, EV 84.4 MPH)
Bottom of the 9th over - 2 runs, 3 hits, 0 errors, 2 left on base; Dunedin 12 - Lakeland 2
Tuesday, May 14th , 2024 - OOTP Baseball 24.11 Build 85